 Dungeon Crawl Stone Soup version 0.26.1-10-gdfb7c7de75 (webtiles) character file.

Game seed: 4128189898746482471

2349 Phaedo the Covert (level 9, -9/64 HPs)
             Began as an Octopode Delver on Apr 5, 2021.
             Was a Priest of Sif Muna.
             Mangled by a gnoll
             ... wielding a +0 flail
              (13 damage)
             ... on level 7 of the Dungeon.
             The game lasted 00:18:56 (6135 turns).

Phaedo the Covert (Octopode Delver)                 Turns: 6135, Time: 00:18:58

Health: -9/64      AC:  1    Str: 12    XL:     9   Next: 43%
Magic:  9/9        EV:  9    Int: 15    God:    Sif Muna [***...]
Gold:   318        SH:  0    Dex: 13    Spells: 6/8 levels left

rFire    . . .     SeeInvis .   k - +2 dagger (venom)
rCold    . . .     Faith    .   (no shield)
rNeg     . . .     Spirit   .   (helmet restricted)
rPois    .         Reflect  .   p - amulet of regeneration
rElec    .         Harm     .   (no ring)
rCorr    .         Rampage  .   (no ring)
Will     .....                  (no ring)
Stlth    ++++++....             (no ring)
HPRegen  0.60/turn              (no ring)
MPRegen  0.11/turn              (no ring)
                                (no ring)
                                (no ring)

@: held
A: almost no armour, stealthy swim, amphibious, 8 rings, constrict 8, camouflage
1, gelatinous body 1
a: Renounce Religion, Channel Magic, Forget Spell


You were on level 7 of the Dungeon.
You worshipped Sif Muna.
Sif Muna was most pleased with you.
You visited 1 branch of the dungeon, and saw 7 of its levels.
You also visited: Sewer.

You collected 318 gold pieces.

Inventory:

Hand Weapons
 a - a +0 spear
 c - a +4 antimagic dagger
 d - a +1 hunting sling of flaming
 k - a +2 dagger of venom (weapon)
 y - a +0 hand crossbow
Missiles
 h - 260 stones
 l - 2 curare-tipped darts
 q - 42 poisoned darts (quivered)
 A - 36 bolts
Armour
 m - a +0 buckler
Jewellery
 i - an uncursed amulet of magic regeneration {unknown}
 p - an amulet of regeneration (around mantle)
 w - a cursed ring of attention {unknown}
Wands
 f - a wand of digging (3)
Scrolls
 b - a scroll of fog
 g - a scroll of random uselessness
 j - a scroll of immolation {unknown}
 r - 2 scrolls of teleportation
 u - a scroll of enchant weapon {unknown}
 x - a scroll of identify
Potions
 e - a potion of haste
 o - 2 potions of heal wounds
 s - 4 potions of flight
 t - a potion of ambrosia
 v - a potion of resistance {unknown}
 z - 3 potions of curing


   Skills:
 + Level 7.4 Fighting
 + Level 0.1 Short Blades
 - Level 2.6 Polearms
 + Level 7.2 Dodging
 + Level 11.6 Stealth
 + Level 2.1 Shields


You had 6 spell levels left.
You knew the following spells:

 Your Spells              Type           Power        Failure   Level
a - Ensorcelled Hibernat  Hex/Ice        0%           38%         2

Your spell library contained the following spells:

 Spells                   Type           Power        Failure   Level
 Corona                   Hex            0%           26%         1
 Confusing Touch          Hex            0%           63%         3
 Dazzling Flash           Conj/Hex       0%           63%         3
 Tukima's Dance           Hex            0%           63%         3


Dungeon Overview and Level Annotations

Branches:
Dungeon (7/15)              Sewer (visited)
 Temple: D:4-7

Altars:
Cheibriados
Makhleb
Nemelex Xobeh
Okawaru
Sif Muna
Trog

Shops:
D:4 =

Annotations:
D:4 Dowan
D:6 1 runed translucent door, Revguard's ghost, novice OgCj
D:7 exclusion: 4 centaurs


Innate Abilities, Weirdness & Mutations

You cannot wear most types of armour.
You are very stealthy in the water. (Stealth+)
You are amphibious.
You can wear up to eight rings at the same time.
You can use your tentacles to constrict eight enemies at once.
Your skin changes colour to match your surroundings (Stealth+).
Your rubbery body absorbs attacks. (AC +1, EV +1)


Message History

You constrict the gnoll. x2; The gnoll hits you with a +0 flail.
* * * LOW HITPOINT WARNING * * *
The gnoll misses you. x2; The gnoll hits you!
* * * LOW HITPOINT WARNING * * *
You release your grip on the gnoll. x2
The gnoll throws a throwing net.
The throwing net hits you.
You become entangled in the net!
You see here a throwing net.
As you read the scroll labelled BESUOD XOSYPS, it crumbles to dust.
Your +2 dagger of venom glows dull purple for a moment.
It was a scroll of random uselessness.
The gnoll hits you.
* * * LOW HITPOINT WARNING * * *
As you read the scroll labelled LEIGUM MAPAT, it crumbles to dust.
You feel blessed for a moment.
It was a scroll of remove curse.
The gnoll hits you.
* * * LOW HITPOINT WARNING * * *
The gnoll hits you.
* * * LOW HITPOINT WARNING * * *
The gnoll hits you with a +0 flail!
You die...

###### .!.≈≈≈≈≈.... #.....###
#..≈≈≈≈≈(..# #.......##
#..≈≈≈≈..cc# .........#
##..#≈≈≈...#
.........###...#≈≈≈..#
#.....†...#.....≈≈≈≈.## ##
##!....[.........≈≈≈≈.# ##.##
#.......gg.......≈≈≈≈≈≈ #...##
##.....gg@........≈≈≈≈≈
.....## ##.....B...#.....?..≈≈
......###.....?...#...?.......
......#..........##...........
..........###...###...........
.........# #..### .......$...
........# #..# ......?...
.......###..# ......##...#


You could see a worker ant and 4 gnolls.

Vanquished Creatures
  Grinder (Sewer)
  An ice beast (D:4)
  4 ogres
  A centaur (D:5)
  2 big kobolds (Sewer)
  2 bullfrogs (D:6)
  7 wights
  2 howler monkeys (D:4)
  A bullfrog zombie (D:6)
  A quasit (Sewer)
  2 hounds
  A bullfrog skeleton (D:6)
  4 orc priests
  4 orc wizards
  3 iguanas
  Natasha (thrice) (D:2)
  5 worker ants
  3 big kobold zombies (Sewer)
  11 adders
  A howler monkey skeleton (D:6)
  A shadow imp (Sewer)
  2 ufetubi
  4 oozes
  2 adder skeletons (D:5)
  2 worms
  3 dart slugs
  3 leopard geckos
  24 orcs
  9 bats
  2 bat zombies (Sewer)
  10 giant cockroaches
  5 hobgoblins
  10 jackals
  23 kobolds
  2 quokkas
  2 ball pythons
  4 frilled lizards
  2 giant cockroach zombies
  7 goblins
  2 kobold zombies (Sewer)
  A quokka zombie (D:6)
  5 rats
184 creatures vanquished.

Vanquished Creatures (others)
  A giant cockroach zombie (Sewer)
1 creature vanquished.

Grand Total: 185 creatures vanquished

Notes
Turn   | Place    | Note
-------+----------+-------------------------------------------
     0 | D:5      | Phaedo the Octopode Delver began the quest for the Orb.
     0 | D:5      | Reached XP level 1. HP: 16/16 MP: 1/1
    26 | D:4      | Noticed Dowan
    33 | D:4      | Reached XP level 2. HP: 20/21 MP: 2/2
    96 | D:5      | Noticed a centaur
   273 | D:4      | Reached skill level 7 in Stealth
   273 | D:4      | Reached XP level 3. HP: 26/26 MP: 3/3
   378 | D:4      | Found Zerym's Jewellery Shoppe.
   397 | D:3      | Reached XP level 4. HP: 8/31 MP: 4/4
  1689 | D:2      | Noticed Natasha
  1700 | D:2      | Killed Natasha
  1701 | D:2      | Reached XP level 5. HP: 23/36 MP: 5/5
  2056 | D:2      | Found an iron altar of Okawaru.
  2057 | D:2      | Found a burning altar of Makhleb.
  2156 | D:2      | Noticed Natasha
  2164 | D:2      | Killed Natasha
  2299 | D:2      | Noticed Natasha
  2313 | D:2      | Killed Natasha
  2419 | D:2      | Reached skill level 8 in Stealth
  2864 | D:3      | Reached XP level 6. HP: 43/43 MP: 6/6
  2877 | D:3      | Found a shimmering blue altar of Sif Muna.
  2877 | D:3      | Found a bloodstained altar of Trog.
  2878 | D:3      | Found a snail-covered altar of Cheibriados.
  2890 | D:3      | Became a worshipper of Sif Muna the Loreminder
  3335 | D:4      | Reached XP level 7. HP: 49/49 MP: 7/7
  3503 | D:4      | Reached skill level 9 in Stealth
  3706 | D:4      | Reached skill level 5 in Fighting
  3786 | D:4      | Reached * piety under Sif Muna
  3823 | D:4      | Found a sparkling altar of Nemelex Xobeh.
  3861 | D:4      | Reached skill level 5 in Dodging
  4222 | D:5      | Reached XP level 8. HP: 53/56 MP: 8/8
  4445 | D:5      | Reached skill level 10 in Stealth
  4759 | D:6      | Reached ** piety under Sif Muna
  4841 | D:6      | Found a glowing drain.
  4845 | Sewer    | Entered a sewer
  5008 | Sewer    | Found a burning altar of Makhleb.
  5120 | Sewer    | Noticed Grinder
  5148 | Sewer    | Killed Grinder
  5148 | Sewer    | Reached *** piety under Sif Muna
  5149 | Sewer    | Reached skill level 11 in Stealth
  5149 | Sewer    | Reached XP level 9. HP: 42/64 MP: 9/9
  5486 | D:6      | Reached skill level 1 in Shields
  5845 | D:6      | Found a runed translucent door.
  5852 | D:6      | Noticed Revguard's ghost (novice OgCj)
  6114 | D:7      | Learned a level 2 spell: Ensorcelled Hibernation
  6135 | D:7      | Mangled by a gnoll

Illustrated notes

Levels and vault maps discovered:
D:1:      minmay_arrival_nine_rooms, layout_basic
D:2:      minmay_razor_zed, layout_rooms, gammafunk_temple_overflow_statue,
          uniq_natasha
D:3:      layout_basic, gammafunk_temple_overflow_claw
D:4:      layout_loops_corners, general_overflow_altar, serial_shops, shop,
          uniq_duvessa
D:5:      minmay_angry_zag, layout_rooms
D:6:      layout_cave_pools, gup_sewer_entry_bowl, ebering_ghost_sewer_d,
          serial_column_ruins, column_ruins_hut_pillars,
          column_ruins_corridor_corner, column_ruins_open_small,
          column_ruins_grid_3, column_ruins_corridor_straight
D:7:      layout_cave_pods, overflow_temple_1_default,
          minmay_temple_entry_gardened_gates, gammafunk_ghost_necromancy,
          minivault_14, minivault_22, centaur_isle

Skill      XL: |  1  2  3  4  5  6  7  8  9 |
---------------+----------------------------+-----
Stealth        | 7 8 9 11 | 11.6
Dodging        | 3 4 5 6 7 |  7.2
Fighting       | 4 5 7 |  7.4
Shields        | 2 |  2.1
Short Blades   | |  0.1
Polearms       | |  2.6

Action                   |  1- 3 |  4- 6 |  7- 9 || total
-------------------------+-------+-------+-------++-------
Melee: Spear             |    27 |       |       ||    27
       Constrict         |     8 |    26 |    58 ||    92
       Tentacles         |     6 |    22 |    55 ||    83
       Dagger            |     6 |   113 |   245 ||   364
Throw: Stone             |     3 |       |       ||     3
       Dart              |       |    24 |    26 ||    50
  Use: Scroll            |     1 |     3 |     7 ||    11
       Potion            |       |       |     3 ||     3
 Stab: Sleeping          |     4 |    30 |    34 ||    68
       Distracted        |       |       |     1 ||     1
Armor: Skin              |     1 |     4 |    10 ||    15
Dodge: Dodged            |    11 |    52 |   206 ||   269
